 Dungeon Crawl Stone Soup version 0.21.1-1-g345015f (webtiles) character file.

173 chooseryan the Grave Robber (level 5, 0/28 HPs)
             Began as a Deep Elf Necromancer on June 3, 2018.
             Succumbed to a worker ant's poison
             ... on level 4 of the Dungeon.
             The game lasted 00:35:29 (4289 turns).

chooseryan the Grave Robber (Deep Elf Necromancer)  Turns: 4289, Time: 00:35:29

Health: 0/28       AC:  2    Str:  5    XL:     5   Next: 28%
Magic:  13/13      EV: 14    Int: 21    God:
Gold:   64         SH:  0    Dex: 15    Spells: 12/12 levels left

rFire    . . .     SeeInvis .   x - -2 rapier (curse)
rCold    . . .     Gourm    .   (no shield)
rNeg     . . .     Faith    .   a - +0 robe
rPois    .         Spirit   .   (no helmet)
rElec    .         Reflect  .   (no cloak)
rCorr    .         Harm     .   (no gloves)
MR       .....                  (no boots)
Stlth    +++.......             (no amulet)
HPRegen  0.09/turn              (no ring)
MPRegen  0.13/turn              (no ring)

@: lethally poisoned (0 -> -4)
A: no striking features
a: no special abilities


You were on level 4 of the Dungeon.
You were not hungry.

You visited 1 branch of the dungeon, and saw 4 of its levels.

You collected 64 gold pieces.

Inventory:

Hand Weapons
 g - a +0 club
 v - a +0 falchion
 x - a cursed -2 rapier (weapon)
Missiles
 c - a stone (quivered)
 i - 16 sling bullets
 l - 20 arrows
 o - 24 bolts
 t - 7 tomahawks
Armour
 a - a +0 robe (worn)
Jewellery
 u - an uncursed amulet of harm {unknown}
Wands
 q - a wand of flame (20)
Scrolls
 k - a scroll of teleportation
 r - a scroll of fog
Potions
 e - 2 potions of agility {unknown}
 f - a potion of mutation {unknown}
 h - a potion of ambrosia {unknown}
 j - a potion of heal wounds {unknown}
 m - a potion of haste {unknown}
 n - 2 potions of degeneration {unknown}
 s - a potion of might {unknown}
 z - 2 potions of cancellation {unknown}
Books
 b - a book of Necromancy

   Spells                             Type                      Level
   a - Pain                           Necromancy                   1
   b - Animate Skeleton               Necromancy                   1
   c - Vampiric Draining              Necromancy                   3
   d - Regeneration                   Charms/Necromancy            3
   e - Animate Dead                   Necromancy                   4
   f - Borgnjor's Vile Clutch         Necromancy/Earth             5
Comestibles
 d - 5 rations


   Skills:
 + Level 3.6 Dodging
 + Level 3.9 Stealth
 + Level 4.2 Spellcasting
   Level 6.2 Necromancy


You had 12 spell levels left.
You didn't know any spells.

Dungeon Overview and Level Annotations

Branches:
Dungeon (4/15)
 Temple: D:4-7

Altars:
Hepliaklqana

Annotations:
D:4 glosham's ghost, weakling VSTm


Message History

You feel sick. The hound bites you.
* * * LOW HITPOINT WARNING * * *
What are your orders? t - Shout!
Orders for allies: a - Attack new target. p - Attack previous target. r - Retreat! s - Stop attacking. g - Guard the area. f - Follow me.
Anything else - Cancel.
Guard this area!
The hound closely misses you. The worker ant misses you.
* * * LOW HITPOINT WARNING * * *
You feel sick. The hound bites you.
* * * LOW HITPOINT WARNING * * *
The hound bites you.
* * * LOW HITPOINT WARNING * * *
The worker ant barely misses you.
Drop what? 23/52 slots (_ for help) (? for menu, Esc to quit)
Okay, then.
Unknown command.
There is a lethal amount of poison in your body!
You die...

#......(......#.#.
#.............#
#............#
#...!........#
#............#
#............#
#..............
#.a.............
#@h.............
#.?.....$.......
#............##
#.............
#############


You could see a hound and a worker ant.

Vanquished Creatures
  A hound (D:3)
  Terence (D:3)
  A worker ant (D:2)
  3 adders (D:2)
  An ooze (D:1)
  A worm (D:4)
  2 dart slugs
  A leopard gecko (D:3)
  4 orcs
  A ball python (D:1)
  4 giant cockroaches
  9 goblins
  4 hobgoblins
  3 jackals (D:3)
  A quokka (D:2)
  A bat (D:2)
  2 frilled lizards (D:1)
  4 kobolds
  6 rats
50 creatures vanquished.

Notes
Turn   | Place    | Note
-------+----------+-------------------------------------------
     0 | D:1      | chooseryan the Deep Elf Necromancer began the quest for the Orb.
     0 | D:1      | Reached XP level 1. HP: 10/10 MP: 6/6
   844 | D:1      | Reached skill level 5 in Necromancy
  1045 | D:1      | Reached XP level 2. HP: 14/15 MP: 5/8
  2006 | D:2      | Reached XP level 3. HP: 7/19 MP: 4/9
  2871 | D:2      | Reached XP level 4. HP: 18/24 MP: 5/11
  3318 | D:3      | Found a hazy altar of Hepliaklqana.
  3454 | D:3      | Noticed Terence
  3472 | D:3      | Killed Terence
  3472 | D:3      | Reached skill level 6 in Necromancy
  3787 | D:4      | Reached XP level 5. HP: 25/28 MP: 8/13
  3809 | D:4      | Noticed glosham's ghost (weakling VSTm)
  4287 | D:4      | HP: 1/28 [hound (2)]
  4289 | D:4      | Succumbed to a worker ant's poison

Skill      XL: |  1  2  3  4 |
---------------+-------------+-----
Necromancy     | 5 6 |  6.2
Stealth        | 3 |  3.9
Dodging        | 3 |  3.6
Spellcasting   | 4 |  4.2

Action                   |  1- 3 |  4- 6 || total
-------------------------+-------+-------++-------
Melee: Unarmed           |     1 |       ||     1
Throw: Stone             |       |     1 ||     1
 Cast: Pain              |    55 |    47 ||   102
  Use: Scroll            |     2 |     4 ||     6
       Potion            |     1 |       ||     1
  Eat: Ration            |     1 |     1 ||     2
       Chunk             |     2 |     2 ||     4
Armor: Robe              |     5 |     2 ||     7
Dodge: Dodged            |    24 |    21 ||    45
